 Dungeon Crawl Stone Soup version 0.29-a0-887-gcbe080d7e0 (webtiles) character file.

Game seed: 8161356326971571462

128 IdlyInterested the Chucker (level 4, -1/35 HPs)
             Began as a Demonspawn Wanderer on July 21, 2022.
             Slain by a gnoll
             ... wielding a +0 whip
              (6 damage)
             ... on level 4 of the Dungeon.
             The game lasted 00:10:22 (3847 turns).

IdlyInterested the Chucker (Demonspawn Wanderer)    Turns: 3847, Time: 00:10:22

Health: -1/35      AC: 16    Str: 12    XL:     4   Next: 86%
Magic:  5/5        EV:  5    Int: 11    God:
Gold:   163        SH:  4    Dex: 17    Spells: 4/5 levels left

rFire   . . .      SeeInvis .   t - +0 falchion
rCold   . . .      Faith    .   (no shield)
rNeg    . . .      Spirit   .   o - +4 chain mail {Will+}
rPois   .          Reflect  .   (no helmet)
rElec   .          Harm     .   c - +0 cloak
rCorr   .          Rampage  .   (no gloves)
Will    +....                   i - +2 pair of boots
Stlth   ..........              n - amulet of the acrobat
HPRegen 0.11/turn               (no ring)
MPRegen 0.09/turn               (no ring)

@: mighty, attractive
A: hooves 1, condensation shield
a: no special abilities


You were on level 4 of the Dungeon.
You visited 1 branch of the dungeon, and saw 4 of its levels.

You collected 163 gold pieces.

Inventory:

Hand Weapons
 a - a +3 dagger
 k - a +0 falchion
 q - the +7 mace of the Globe {freeze, rPois Will++ Stlth-}
   (You found it on level 3 of the Dungeon)

   It freezes those it strikes, dealing additional cold damage.
   It can also slow down cold-blooded creatures.
   rPois:     It protects you from poison.
   Will:      It greatly increases your willpower.
   Stlth:     It makes you less stealthy.
 t - a +0 falchion (weapon)
Missiles
 b - a curare-tipped dart
 f - 10 poisoned darts
Armour
 c - a +0 cloak (worn)
 e - a +0 leather armour
 i - a +2 pair of boots (worn)
 o - a +4 chain mail of willpower (worn)
 s - +0 storm dragon scales
Jewellery
 n - an amulet of the acrobat (around neck)
Wands
 p - a wand of mindburst (17)
Scrolls
 d - a scroll of silence
Potions
 g - a potion of attraction
 h - a potion of berserk rage
 j - 2 potions of flight


   Skills:
 * Level 3.1 Fighting
 + Level 1.6(1.7) Short Blades
 + Level 0.5(1.2) Long Blades
 - Level 4.0 Throwing
 - Level 1.0 Stealth
 - Level 1.0 Spellcasting
 - Level 2.0 Conjurations
 + Level 0.2 Fire Magic
 - Level 2.0 Invocations
 - Level 1.0 Evocations


You had 4 spell levels left.
You knew the following spells:

 Your Spells              Type           Power      Damage    Failure   Level
a - Foxfire               Conj/Fire      12%        2x1d4     100%        1

Your spell library contained the following spells:

 Spells                   Type           Power      Damage    Failure   Level
 Stone Arrow              Conj/Erth      4%         3d7       100%        3


Dungeon Overview and Level Annotations

Branches:
Dungeon (4/15)
 Temple: D:4-7

Altars:


Innate Abilities, Weirdness & Mutations

You have large cloven feet.
A meltable shield of frost defends you. (SH +4)


Message History

You are more poisoned.
The gnoll hits you but does no damage.
You barely miss the gnoll.
The gnoll is heavily wounded.
You feel very sick.
The gnoll barely misses you. x2; The gnoll hits you but does no damage.
You hit the gnoll.
The gnoll is severely wounded.
You feel very sick. The gnoll hits you but does no damage.
The gnoll barely misses you. x2
You slash the gnoll!
You kill the gnoll!
You feel sick. The gnoll hits you with a +0 whip. The gnoll closely misses you.
You closely miss the gnoll.
You feel sick. The gnoll closely misses you.
The gnoll hits you but does no damage. x2; You block the gnoll's attack.
You hit the gnoll.
The gnoll is moderately wounded.
You feel sick. The gnoll hits you but does no damage.
The gnoll hits you with a +0 whip.
You hit the gnoll.
The gnoll is heavily wounded.
You feel sick. The gnoll hits you with a +0 whip.
* * * LOW HITPOINT WARNING * * *
The gnoll hits you but does no damage.
It was a potion of curing.
You feel better.
The gnoll hits you but does no damage. x2
You hit the gnoll but do no damage.
The gnoll is heavily wounded.
The gnoll hits you with a +0 whip.
* * * LOW HITPOINT WARNING * * *
The gnoll hits you but does no damage.
It was a potion of might.
You feel very mighty all of a sudden. The gnoll hits you but does no damage.
The gnoll hits you with a +0 whip.
* * * LOW HITPOINT WARNING * * *
You closely miss the gnoll.
The gnoll is heavily wounded.
You block the gnoll's attack. The gnoll hits you but does no damage.
The gnoll barely misses you. The gnoll hits you with a +0 whip.
You die...

... .... #...###..
.##.. .......... #.
#.. ##...#...!.
#..##.......... .#
##..#..........? ..
?............... #.
#..#..)g....... .###.
#...#.@g.......
......####..##..>###.#
...............###
####..##§##.##.#####.#
#. #§##.......>..## #
#§##............
##§##.##.########
§§§...##.# §........#


You could see 2 gnolls.

Vanquished Creatures
  An orc wizard (D:3)
  A gnoll (D:4)
  An adder (D:2)
  A worm (D:3)
  7 orcs
  10 bats
  6 endoplasms
  3 giant cockroaches
  12 goblins
  7 hobgoblins
  3 kobolds
  A quokka (D:3)
  7 ball pythons
  5 frilled lizards (D:1)
  3 rats
68 creatures vanquished.

Vanquished Creatures (others)
  5 foxfires
  A plant (D:1)
6 creatures vanquished.

Grand Total: 74 creatures vanquished

Notes
Turn   | Place    | Note
-------+----------+-------------------------------------------
     0 | D:1      | IdlyInterested the Demonspawn Wanderer began the quest for
                  | the Orb.
     0 | D:1      | IdlyInterested set off with the following items: a +2
                  | dagger, a curare-tipped dart, a +0 cloak, a scroll of
                  | silence, a +0 leather armour; and the following spell
                  | memorised: Foxfire; and the following spells available to
                  | memorise: Stone Arrow.
     0 | D:1      | Reached XP level 1. HP: 13/13 MP: 2/2
   257 | D:1      | Reached skill level 1 in Fighting
   275 | D:1      | Found a faded altar of an unknown god.
   307 | D:1      | Discovered your monstrous ancestry.
   307 | D:1      | Gained mutation: You have large cloven feet. [demonic
                  | ancestry]
   307 | D:1      | Reached XP level 2. HP: 21/21 MP: 3/3
  1121 | D:2      | Reached skill level 1 in Short Blades
  1130 | D:2      | Reached XP level 3. HP: 14/27 MP: 4/4
  2246 | D:3      | Reached skill level 4 in Throwing
  2281 | D:3      | Gained mutation: A meltable shield of frost defends you.
                  | (SH +4) [demonic ancestry]
  2281 | D:3      | Reached XP level 4. HP: 14/34 MP: 5/5
  3265 | D:3      | Identified the +7 mace of the Globe {freeze, rPois Will++
                  | Stlth-}
  3847 | D:4      | Slain by a gnoll

Illustrated notes

Levels and vault maps discovered:
D:1:      denvon_arrival_planthouse, layout_basic,
          hellmonk_ecumenical_altar_arch_garden, serial_corexii_hall,
          corexii_hall_statues_l, chequers_hall_statues_wall_a
D:2:      layout_basic
D:3:      layout_basic, mainiacjoe_overflow_surrounded_room,
          small_statue_intersection, minmay_crystal_room
D:4:      layout_loops_ring, amethyst_overflow_temple_binary,
          kennysheep_flooded_box, kennysheep_generic_room_7

Skill      XL: |  1  2  3  4 |
---------------+-------------+-----
Fighting       | 1 2 3 |  3.1
Short Blades   | 1 |  1.6
Throwing       | 4 |  4.0
Invocations    | 2 |  2.0
Long Blades    | |  0.5
Stealth        | |  1.0
Spellcasting   | |  1.0
Conjurations   | |  2.0
Fire Magic     | |  0.2
Evocations     | |  1.0

Action                   |  1- 3 |  4- 6 || total
-------------------------+-------+-------++-------
Melee: Dagger            |   147 |     9 ||   156
       Falchion          |       |    63 ||    63
 Cast: Foxfire           |     3 |       ||     3
  Use: Scroll            |     3 |     5 ||     8
       Potion            |     1 |     3 ||     4
 Stab: Sleeping          |     2 |       ||     2
Armor: Leather armour    |    15 |       ||    15
       Ring mail         |    46 |       ||    46
       Chain mail        |    25 |    47 ||    72
Dodge: Dodged            |    71 |    31 ||   102
Block: Other             |       |    13 ||    13

Table legend: (Time is in decaauts)
 A = Elapsed time spent in this place.
 B = Non-inter-level travel time spent in this place.
 C = Inter-level travel time spent in this place.
 D = Time resting spent in this place.
 E = Time spent auto-exploring this place.
 F = Levels seen in this place.
 G = Mean time per level.
                   A        B        C        D        E       F      G
               +--------+--------+--------+--------+--------+-----+--------+
         Total |   3864 |   3330 |    534 |    686 |   1913 |   4 |  966.0 |
       Dungeon |   3864 |   3330 |    534 |    686 |   1913 |   4 |  966.0 |
               +--------+--------+--------+--------+--------+-----+--------+

Top non-repeatable levels by time:
     D:1: 1344 daAuts
     D:2: 1262 daAuts
     D:3: 1205 daAuts
     D:4: 51 daAuts
